 Dungeon Sprint DCSS version 0.21.1-1-g345015f (webtiles) character file.

853 Fang the Cleaver (level 7, 0/115 HPs)
             Began as a Minotaur Berserker on Apr 27, 2018.
             Was an Elder of Trog.
             Slain by a fire elemental (1 damage)
             ... in the Dungeon (Sprint V: "Ziggurat Sprint").
             The game lasted 00:01:44 (249 turns).

Fang the Cleaver (Minotaur Berserker)                Turns: 249, Time: 00:01:44

Health: 0/115      AC: 17    Str: 35    XL:     7   Next: 70%
Magic:  6/6        EV: 11    Int:  4    God:    Trog [****..]
Gold:   0          SH:  3    Dex:  9    Spells: 6/6 levels left

rFire    . . .     SeeInvis .   l - +5 demon trident
rCold    . . .     Gourm    .   (no shield)
rNeg     . . .     Faith    .   j - +5 shadow dragon scales
rPois    .         Spirit   .   (helmet restricted)
rElec    .         Reflect  +   (no cloak)
rCorr    .         Harm     .   (no gloves)
MR       .....     NoTele   +   (no boots)
Stlth    ..........             a - +3 amulet of reflection
HPRegen  0.29/turn              G - ring of flight
MPRegen  0.10/turn              F - +6 ring of strength

@: berserking (expiring), lethally poisoned (0 -> -57), drained, very quick
A: retaliatory headbutt, horns 2
a: Berserk, Trog's Hand, Brothers in Arms, Burn Spellbooks, Renounce Religion,
Evoke Flight


You were in the Dungeon.
You worshipped Trog.
Trog was greatly pleased with you.
You were hungry.

You visited 1 branch

Inventory:

Hand Weapons
 k - a +5 executioner's axe
 l - a +5 demon trident (weapon)
Armour
 j - +5 shadow dragon scales (worn)
Jewellery
 a - a +3 amulet of reflection (around neck)
 F - a +6 ring of strength (right hand)
 G - a ring of flight (left hand)
Wands
 x - a wand of disintegration (7)
 y - a wand of iceblast (7)
 z - a wand of acid (7)
Scrolls
 i - 4 scrolls of blinking
 m - 7 scrolls of fog
 n - a scroll of holy word
 o - 5 scrolls of identify
 p - 5 scrolls of remove curse
 q - 2 scrolls of fear
Potions
 d - 10 potions of curing
 e - 10 potions of heal wounds
 f - 6 potions of haste
 g - 7 potions of magic
 h - 3 potions of berserk rage
 r - 2 potions of brilliance
 s - 2 potions of invisibility
 t - 4 potions of resistance
 u - a potion of experience
 v - 5 potions of agility
 w - 5 potions of might
Comestibles
 b - a chunk of flesh
 c - 7 rations


   Skills:
 + Level 12.2(11.5) Fighting
 + Level 12.3(12.0) Axes
 + Level 6.1(9.4) Polearms
 + Level 7.0(6.3) Armour
 + Level 6.1(5.5) Dodging


You had 6 spell levels left.
You didn't know any spells.

Dungeon Overview and Level Annotations

Branches:
Dungeon (1/1)

Altars:
Ashenzari
Cheibriados
Dithmenos
Elyvilon
Fedhas
Gozag
Hepliaklqana
Kikubaaqudgha
Makhleb
Nemelex Xobeh
Okawaru
Qazlal
Ru
Sif Muna
Trog
Uskayaw
Vehumet
Wu Jian
Xom
Yredelemnul
Zin
The Shining One
Beogh
Jiyva
Lugonu

Annotations:
D 1 transporter


Innate Abilities, Weirdness & Mutations

You reflexively headbutt those who attack you in melee.
You have a pair of horns on your head.


Message History

The bolt of negative energy hits you!
You feel drained.
* * * LOW HITPOINT WARNING * * *
Unknown command.
You impale the redback!!
You kill the redback!
The redback's corpse disappears in a puff of smoke!
* * * LOW HITPOINT WARNING * * *
You feel very sick. You block the fire elemental's attack.
The demonic crawler barely misses you.
The demonic crawler hits you but does no damage.
The demonic crawler barely misses you.
* * * LOW HITPOINT WARNING * * *
You feel very sick. The deep elf mage barely misses you.
You furiously retaliate!
You headbutt the deep elf mage! The demonic crawler hits you.
* * * LOW HITPOINT WARNING * * *
The demonic crawler hits you.
* * * LOW HITPOINT WARNING * * *
You block the demonic crawler's attack. The fire elemental hits you.
You die...

▓.....▓.....▓..©..▓
▓..©..▓..©..▓▓▓▓▓▓▓
▓▓▓▓▓▓▓▓▓▓▓▓▓▓
▓..8©8...▓
▓..}"[...▓
▓...)....▓
▓......e.▓
▓..eE....▓
▓...@§...▓
▓...s....▓
▓▓▓▓▓▓▓▓▓▓


You could see a demonic crawler, a deep elf archer, a deep elf mage and a fire
elemental.

Vanquished Creatures
  A deep elf mage (D)
  3 insubstantial wisps (D)
  An orc wizard (D)
  3 orc priests (D)
  2 orcs (D)
10 creatures vanquished.

Notes
Turn   | Place    | Note
-------+----------+-------------------------------------------
     0 | D        | Found the +6 Majin-Bo {vamp, Archmagi MP+6 Int+6}
     0 | D        | Found the +7 great mace "Firestarter" {inner flame, rF++}
     0 | D        | Fang the Minotaur Berserker began the quest for the Orb.
     0 | D        | Reached XP level 1. HP: 19/19 MP: 0/0
     0 | D        | Found a deep blue altar of Sif Muna.
     0 | D        | Found a bloodstained altar of Trog.
     0 | D        | Found a sacrificial altar of Ru.
     0 | D        | Found a stormy altar of Qazlal.
     0 | D        | Found an iron altar of Okawaru.
     5 | D        | Found a blossoming altar of Fedhas.
     6 | D        | Found a viscous altar of Jiyva.
     6 | D        | Found a hazy altar of Hepliaklqana.
     6 | D        | Found a transporter.
     6 | D        | Found an opulent altar of Gozag.
     6 | D        | Found an ancient bone altar of Kikubaaqudgha.
     6 | D        | Found a corrupted altar of Lugonu.
    12 | D        | Found a burning altar of Makhleb.
    13 | D        | Found a sparkling altar of Nemelex Xobeh.
    77 | D        | Entered arena 2.
    77 | D        | Noticed an orc priest
    77 | D        | Found a transporter.
    83 | D        | Killed an orc priest
    83 | D        | Reached skill level 5 in Fighting
    83 | D        | Reached skill level 5 in Axes
    83 | D        | Reached XP level 2. HP: 30/30 MP: 1/1
    83 | D        | Reached XP level 3. HP: 37/37 MP: 2/2
   123 | D        | Entered arena 3.
   123 | D        | Noticed an insubstantial wisp
   123 | D        | Noticed an insubstantial wisp
   123 | D        | Noticed an insubstantial wisp
   123 | D        | Found a transporter.
   126 | D        | Killed an insubstantial wisp
   126 | D        | Reached ** piety under Trog
   126 | D        | Reached XP level 4. HP: 48/48 MP: 3/3
   126 | D        | Reached XP level 5. HP: 53/53 MP: 4/4
   127 | D        | Killed an insubstantial wisp
   127 | D        | Reached skill level 5 in Armour
   127 | D        | Reached XP level 6. HP: 66/66 MP: 5/5
   132 | D        | Killed an insubstantial wisp
   132 | D        | Reached skill level 10 in Fighting
   132 | D        | Reached skill level 10 in Axes
   132 | D        | Reached skill level 5 in Dodging
   169 | D        | Entered arena 4.
   169 | D        | Found a transporter.
   175 | D        | Reached *** piety under Trog
   191 | D        | Reached **** piety under Trog
   236 | D        | Entered arena 5.
   236 | D        | Noticed a deep elf mage
   236 | D        | Noticed a fire elemental
   236 | D        | Noticed a deep elf archer
   236 | D        | Noticed a deep elf mage
   236 | D        | Found a transporter.
   240 | D        | Noticed a redback
   240 | D        | Noticed a demonic crawler
   240 | D        | Noticed a redback
   241 | D        | Killed a deep elf mage
   241 | D        | Reached XP level 7. HP: 77/77 MP: 6/6
   249 | D        | HP: 5/115 [poisoned by a redback]
   249 | D        | HP: 1/115 [demonic crawler[a deep elf mage] (3)]
   249 | D        | Slain by a fire elemental

Skill      XL: |  1  2  3  4  5  6 |
---------------+-------------------+-----
Fighting       | 5 8 9 12 | 12.2
Axes           | 5 8 9 12 | 12.3
Armour         | 3 4 5 7 |  7.0
Dodging        | 3 4 6 |  6.1
Polearms       | 2 6 |  6.1

Action                   |  1- 3 |  4- 6 |  7- 9 || total
-------------------------+-------+-------+-------++-------
Melee: Demon trident     |     6 |    18 |     7 ||    31
       Headbutt          |       |     2 |       ||     2
Invok: Berserk           |     2 |     1 |       ||     3
       Burn Spellbooks   |       |     1 |       ||     1
Armor: Shadow dragon sca |     1 |     7 |    12 ||    20
Dodge: Dodged            |     3 |     1 |    10 ||    14
Block: Other             |       |     1 |     2 ||     3
